 Dungeon Crawl Stone Soup version 0.18.1-48-g4cf74bf (webtiles) character file.

63 Heedrag the Conjurer (level 3, -1/19 HPs)
             Began as a Deep Elf Conjurer on Aug 30, 2016.
             Killed from afar by an orc wizard (11 damage)
             ... with a puff of flame
             ... on level 3 of the Dungeon.
             The game lasted 00:03:38 (1703 turns).

Heedrag the Conjurer (Deep Elf Conjurer)            Turns: 1703, Time: 00:03:39

Health: -1/19      AC:  3    Str:  6    XL:     3   Next: 89%
Magic:  8/10       EV: 13    Int: 19    God:
Gold:   41         SH:  0    Dex: 15    Spells: 1 memorised, 9 levels left

rFire  . . .     SeeInvis .     l - +2 short sword (venom)
rCold  . . .     Gourm    .     a - +0 robe
rNeg   . . .     Faith    .     (no shield)
rPois  .         Spirit   .     (no helmet)
rElec  .         Dismiss  .     (no cloak)
rCorr  +         Reflect  .     (no gloves)
SustAt .         Harm     .     t - +0 pair of boots
MR     .....                    e - amulet of regeneration
Stlth  ++........               (no ring)
                                h - ring of resist corrosion

@: not resistant to hostile enchantments, unstealthy
A: no striking features
a: no special abilities


You were on level 3 of the Dungeon.
You were not hungry.

You visited 1 branch of the dungeon, and saw 3 of its levels.

You collected 41 gold pieces.

Inventory:

Hand Weapons
 l - a +2 short sword of venom (weapon)
 o - a +1 dagger of flaming
Armour
 a - a +0 robe (worn)
 t - a +0 pair of boots (worn)
Jewellery
 d - an uncursed amulet of rage
 e - an amulet of regeneration (around neck)
 h - a ring of resist corrosion (left hand)
Scrolls
 k - 2 scrolls of teleportation {unknown}
 m - a scroll of magic mapping {unknown}
 n - a scroll of fear {unknown}
 p - 3 scrolls of remove curse {unknown}
 q - a scroll of identify {unknown}
 s - a scroll of blinking {unknown}
Potions
 j - a potion of brilliance {unknown}
 r - a potion of cancellation {unknown}
Books
 b - a book of Conjurations

   Spells                             Type                      Level
   a - Magic Dart                     Conjuration                  1
   b - Searing Ray                    Conjuration                  2
   c - Dazzling Spray                 Conjuration/Hexes            3
   d - Fulminant Prism                Conjuration/Hexes            4
   e - Iskenderun's Mystic Blast      Conjuration                  4
   f - Iskenderun's Battlesphere      Conjuration/Charms           5
Comestibles
 c - 2 bread rations
 f - 2 meat rations
 g - a beef jerky
 i - 3 chunks of flesh


   Skills:
 - Level 2.4 Dodging
 - Level 2.4 Stealth
 + Level 4.2 Spellcasting
 * Level 5.5 Conjurations


You had 9 spell levels left.
You knew the following spells:

 Your Spells              Type           Power        Failure   Level  Hunger
a - Magic Dart            Conj           ####         1%          1    None


Dungeon Overview and Level Annotations

Branches:
Dungeon (3/15)

Altars:
Cheibriados
Kikubaaqudgha
Okawaru


Message History

Aim: an orc wizard, wieldin' a dagger an' wearin' a robe Tha magic dart hits tha orc wizard.
Tha orc wizard be lightly wounded.
Ye hit tha orc wizard but do nay damage.
Tha orc wizard be poison'd.
Tha orc wizard be lightly wounded.
Tha orc wizard hits ye wit' a dagger.
Tha orc closely misses ye.
Tha orc wizard gestures at ye while chantin'.
Tha puff o' frost hits ye!
Castin': Magic Dart Confirm wit' . or Enter, or press ? or * ta list all spells.
Aimin': Magic Dart
Press: ? - help, Shift-Dir - straight line, f/p - orc wizard
Aim: an orc wizard, wieldin' a dagger an' wearin' a robe (heavily wounded, poison'd) Tha magic dart hits tha orc wizard.
Tha orc wizard be severely wounded.
Tha orc wizard gestures at ye while chantin'.
Tha puff o' flame hits ye!
Ouch! Tha re'lly hurt!
Ye die...

#.#..... <[.
#.#...# ....
##.#[..###.....
#........o..)..
#......†......o
#.o.....o.###..
##o#...####
#.#...# #@#...#
#.##.## #.##.#
#.##.# #.# .#
########.#
#........#
#.######## #.#


You could see an orc wizard and an orc.

Vanquished Creatures
  An adder (D:2)
  A worm (D:2)
  2 dart slugs
  An orc (D:2)
  12 bats
  2 giant cockroaches
  3 goblins
  9 hobgoblins
  3 giant newts
  8 kobolds
  5 rats
47 creatures vanquished.

Vanquished Creatures (others)
  A rat (D:3)
1 creature vanquished.

Grand Total: 48 creatures vanquished

Notes
Turn   | Place    | Note
--------------------------------------------------------------
     0 | D:1      | Heedrag the Deep Elf Conjurer began the quest for the Orb.
     0 | D:1      | Reached XP level 1. HP: 10/10 MP: 6/6
   364 | D:1      | Reached XP level 2. HP: 15/15 MP: 0/8
   673 | D:1      | Reached skill level 5 in Conjurations
  1034 | D:2      | Reached XP level 3. HP: 19/19 MP: 5/10
  1089 | D:2      | Found an ancient bone altar of Kikubaaqudgha.
  1319 | D:2      | Found an iron altar of Okawaru.
  1610 | D:3      | Found a snail-covered altar of Cheibriados.
  1703 | D:3      | Killed from afar by an orc wizard

Skill      XL: |  1  2  3 |
---------------+----------+-----
Conjurations   | 5 |  5.5
Spellcasting   | 4 |  4.2
Dodging        | |  2.4
Stealth        | |  2.4

Action                   || total
-------------------------++-------
Melee: Short sword       ||    18
 Cast: Magic Dart        ||    84
  Eat: Chunk             ||     2
Armor: Robe              ||     2
Dodge: Dodged            ||    25
